 Dungeon Crawl Stone Soup version 0.26-a0-1060-g086102a3f0 (webtiles) character file.

Game seed: 17441423604936822606

10236 sanka the Cleaver (level 11, -3/108 HPs)
             Began as a Palentonga Abyssal Knight on Dec 13, 2020.
             Was a High Priest of Lugonu.
             Slain by a water elemental (5 damage)
             ... on level 11 of the Dungeon.
             The game lasted 00:20:46 (15717 turns).

sanka the Cleaver (Palentonga Abyssal Knight)      Turns: 15717, Time: 00:20:48

Health: -3/108     AC: 20    Str: 19    XL:     11   Next: 33%
Magic:  18/18      EV:  3    Int: 12    God:    Lugonu [*****.]
Gold:   476        SH:  0    Dex: 10    Spells: 10/10 levels left

rFire    . . .     SeeInvis +   a - +0 hand axe (elec)
rCold    + . .     Faith    .   (no shield)
rNeg     . . .     Spirit   .   y - +0 plate armour
rPois    .         Reflect  .   D - +1 hat
rElec    .         Harm     .   m - scarf {shadows}
rCorr    .         Rampage  .   (no gloves)
Will     .....                  (no barding)
Stlth    ..........             (no amulet)
HPRegen  0.28/turn              A - +4 ring of protection
MPRegen  0.16/turn              B - ring of protection from cold

@: engulfed (cannot breathe), lightly drained, curled up
A: large, rugged brown scales 3, see invisible, deformed body, roll 1, armoured
tail, reflexive curl
a: Rolling Charge, Depart the Abyss, Bend Space, Banish, Corrupt, Enter the
Abyss, Renounce Religion


You were on level 11 of the Dungeon.
You worshipped Lugonu.
Lugonu was extremely pleased with you.
You visited 1 branch of the dungeon, and saw 11 of its levels.
You visited the Abyss 1 time.

You collected 700 gold pieces.
You spent 224 gold pieces at shops.


Innate Abilities, Weirdness & Mutations

You are completely covered in rugged brown scales. (AC +3, +7% HP)
You have supernaturally acute eyesight. (SInv)
Armour fits poorly on your strangely shaped body.
You can roll at nearby foes to attack.
You have a long armoured tail.
You curl defensively after being hit.


   Skills:
 + Level 10.9(10.6) Fighting
 + Level 11.4(11.0) Axes
 - Level 1.5(1.3) Armour
 - Level 0.7(0.4) Dodging
 + Level 10.2(9.8) Invocations


You had 10 spell levels left.
You didn't know any spells.
Your spell library contained the following spells:

 Spells                   Type           Power        Failure   Level
 Corona                   Hex            #......      100%        1
 Magic Dart               Conj           #...         100%        1
 Blink                    Tloc           N/A          100%        2
 Call Imp                 Summ           #.......     100%        2
 Ensorcelled Hibernation  Hex/Ice        #.....       100%        2
 Slow                     Hex            #.......     100%        2
 Confusing Touch          Hex            #.......     100%        3
 Conjure Flame            Conj/Fire      #.......     100%        3
 Dazzling Flash           Conj/Hex       #.....       100%        3
 Mephitic Cloud           Conj/Pois/Air  #.......     100%        3
 Tukima's Dance           Hex            #.......     100%        3

Inventory:

Hand Weapons
 a - a +0 hand axe of electrocution (weapon)
 e - a +0 battleaxe
 v - a +2 dire flail of venom
Missiles
 i - 52 poisoned darts
 r - a throwing net {=f}
Armour
 m - a scarf of shadows (worn)
 y - a +0 plate armour (worn)
 D - a +1 hat (worn)
Magical Staves
 p - an uncursed staff of air {unknown}
Jewellery
 A - a +4 ring of protection (left hand)
 B - a ring of protection from cold (right hand)
Wands
 g - a wand of digging (6)
 u - a wand of paralysis (7)
 F - a wand of acid (9)
Scrolls
 f - 8 scrolls of remove curse
 h - 6 scrolls of amnesia
 o - 5 scrolls of teleportation {@r4}
 q - 4 scrolls of fear
 t - a scroll of enchant weapon
 x - 4 scrolls of magic mapping
 G - a scroll of summoning
Potions
 b - a potion of magic {unknown}
 c - 2 potions of lignification {!q}
 d - 4 potions of curing {@q1}
 j - 2 potions of mutation {!q}
 k - a potion of flight {unknown}
 l - a potion of berserk rage {unknown}
 n - a potion of brilliance {unknown}
 s - a potion of ambrosia {unknown}
 w - a potion of resistance {unknown}
 z - 2 potions of might
 E - a potion of haste {unknown}

Dungeon Overview and Level Annotations

Branches:
Dungeon (11/15)            Temple (0/1) D:4            Lair (0/6) D:10
    Orc (0/2) D:9

Altars:
Ashenzari
Dithmenos
Gozag
Okawaru
Qazlal
Ru
Trog
Vehumet
Zin

Shops:
D:5 *   D:6 (   D:9 ? D:10

( ≈≈≈≈≈▒.▒≈[.....'.
≈≈≈≈≈≈≈≈≈≈.....▒▒▒.
≈≈≈≈≈≈≈≈≈≈.......
▒≈≈≈≈≈≈≈≈≈≈..▒
▒≈≈≈≈..≈≈≈≈≈▒▒▒+▒+▒.
▒≈≈≈≈.▒▒≈.≈≈≈≈≈≈≈≈≈.
▒▒≈.▒.▒.▒.▒.≈≈≈≈≈≈≈≈
▒▒▒▒▒.▒.▒...▒.▒▒)≈≈≈.≈
▒...▒.▒.▒▒▒.▒..HE.▒+
▒...▒.▒.▒...^..[)...▒
▒...▒.▒.▒.▒.▒▒▒▒......
▒...▒.▒.▒.▒.▒ <.....
▒...▒.▒.▒.... .▒£..▒
▒...▒.▒...▒.▒▒. .▒...▒
▒.......▒.▒.... .▒ ..▒
▒.............▒
▒..............


You could see a water elemental.


Message History

Your lungs strain for air!
The water elemental hits you.
Unknown command.
You hit the orc warrior but do no damage.
You tail-slap the orc warrior, but do no damage.
The orc warrior is heavily wounded.
You hit the water elemental but do no damage.
* * * LOW HITPOINT WARNING * * *
Your lungs strain for air!
The orc warrior hits you with a +2 vorpal war axe!
* * * LOW HITPOINT WARNING * * *
* * * LOW HITPOINT WARNING * * *
The water elemental hits you.
* * * LOW HITPOINT WARNING * * *
You hit the orc warrior but do no damage.
Lightning courses through the orc warrior!
The orc warrior is almost dead.
You hit the water elemental.
* * * LOW HITPOINT WARNING * * *
Your lungs strain for air!
The orc warrior hits you but does no damage.
Unknown command.
You hit the orc warrior.
You kill the orc warrior!
Lugonu accepts your kill.
You hit the water elemental.
* * * LOW HITPOINT WARNING * * *
Your lungs strain for air!
The water elemental hits you.
You die...

Action                   |  1- 3 |  4- 6 |  7- 9 | 10-12 || total
-------------------------+-------+-------+-------+-------++-------
Melee: Hand axe          |   108 |   102 |   296 |   417 ||   923
       Tailslap          |     6 |     9 |    35 |    53 ||   103
 Abil: Rolling Charge    |    11 |     4 |    19 |    22 ||    56
  Use: Potion            |       |       |     2 |       ||     2
       Scroll            |       |       |       |    13 ||    13
Armor: Leather armour    |    26 |       |       |       ||    26
       Chain mail        |    28 |    65 |    80 |       ||   173
       Plate armour      |       |       |    73 |   210 ||   283
Dodge: Dodged            |    45 |    22 |    64 |    41 ||   172

Levels and vault maps discovered:
D:1:      dpeg_arrival_rhombi, layout_loops_ring
D:2:      layout_loops_ring, nicolae_dithmenos_shadow_blocks
D:3:      layout_basic, chequers_temple_overflow_statue_of_worship
D:4:      layout_cave_pools, grunt_temple_overflow_gold_and_silver,
          minmay_temple_entry_statues_pillars, uniq_grinder
D:5:      layout_layer_cave, serial_shops, nicolae_shop_overgrown_old_shop,
          sigmund_edmund_badplayer
D:6:      layout_loops_corners, ebering_ghost_sewer_d, serial_shops,
          kennysheep_mini_moat
D:7:      black_bear_nest_1, layout_gridville, trog_ov_bears_minmay,
          uniq_prince_ribbit1
D:8:      layout_loops_cross, minmay_chambers_of_fives
D:9:      layout_basic, grunt_temple_overflow_cloverleaf, david_orc_1_choice,
          serial_shops, kennysheep_mini, uniq_erolcha
D:10:     layout_loops_corners, david_lair_shrubbed, serial_shops, shop,
          columned_hall_lemuel
D:11:     layout_basic, serial_shops, nicolae_shop_statue_plus,
          hangedman_misty_isle

Notes
Turn   | Place    | Note
-------+----------+-------------------------------------------
     0 | Abyss:1  | sanka the Palentonga Abyssal Knight began the quest for the
                  | Orb.
     0 | Abyss:1  | Reached XP level 1. HP: 20/20 MP: 2/2
    14 | D:1      | Escaped the Abyss
   195 | D:1      | Reached XP level 2. HP: 26/27 MP: 3/3
   464 | D:1      | Reached skill level 3 in Axes
  1102 | D:2      | Reached ** piety under Lugonu
  1110 | D:2      | Reached XP level 3. HP: 29/33 MP: 4/4
  1195 | D:2      | Found a shadowy altar of Dithmenos.
  1531 | D:3      | Found an iron altar of Okawaru.
  1531 | D:3      | Found a sacrificial altar of Ru.
  1548 | D:3      | Reached skill level 4 in Axes
  1948 | D:3      | Reached XP level 4. HP: 37/40 MP: 5/5
  2560 | D:3      | Reached XP level 5. HP: 48/48 MP: 6/6
  2756 | D:4      | Reached skill level 5 in Axes
  2913 | D:4      | Noticed Grinder
  2919 | D:4      | Paralysed by Grinder for 2 turns
  2925 | D:4      | Paralysed by Grinder for 7 turns
  2935 | D:4      | Found a staircase to the Ecumenical Temple.
  3220 | D:4      | Killed Grinder
  3221 | D:4      | Reached skill level 4 in Fighting
  3221 | D:4      | Reached XP level 6. HP: 9/56 MP: 7/7
  3513 | D:4      | Reached skill level 6 in Axes
  3571 | D:4      | Reached skill level 5 in Fighting
  3573 | D:4      | Gained mutation: You curl defensively after being hit.
                  | [Palentonga growth]
  3573 | D:4      | Reached XP level 7. HP: 32/65 MP: 8/8
  3905 | D:4      | Reached *** piety under Lugonu
  4099 | D:4      | Found a glowing silver altar of Zin.
  4099 | D:4      | Found an opulent altar of Gozag.
  4208 | D:5      | Entered Level 5 of the Dungeon
  4580 | D:5      | Reached skill level 6 in Fighting
  4851 | D:5      | Reached skill level 7 in Axes
  5086 | D:5      | Found Cukythror's Assorted Antiques.
  5526 | D:5      | Reached skill level 3 in Invocations
  5526 | D:5      | Reached XP level 8. HP: 41/75 MP: 10/10
  6004 | D:5      | Noticed Sigmund
  6015 | D:5      | Killed Sigmund
  6018 | D:5      | Noticed Edmund
  6022 | D:5      | Killed Edmund
  6023 | D:5      | Reached skill level 4 in Invocations
  6083 | D:5      | Reached skill level 7 in Fighting
  6189 | D:5      | Reached skill level 8 in Axes
  6691 | D:5      | Bought a runed scarf for 224 gold pieces
  6799 | D:6      | Reached skill level 5 in Invocations
  7124 | D:6      | Found Xueptih's Antique Weapon Shoppe.
  7191 | D:6      | Reached XP level 9. HP: 57/84 MP: 11/13
  7197 | D:6      | Reached **** piety under Lugonu
  7916 | D:6      | Found a runed translucent door.
  8001 | D:6      | Noticed Dracia's ghost (novice DrCj)
  8008 | D:6      | Reached skill level 8 in Fighting
  8012 | D:6      | Killed Dracia's ghost
  8013 | D:6      | Reached skill level 9 in Axes
  8013 | D:6      | Reached skill level 6 in Invocations
  8331 | D:7      | Found a bloodstained altar of Trog.
  8487 | D:7      | Noticed Prince Ribbit
  8502 | D:7      | Killed Prince Ribbit
  8503 | D:7      | Reached skill level 7 in Invocations
  9129 | D:8      | Noticed a two-headed ogre
  9175 | D:8      | Reached skill level 9 in Fighting
  9311 | D:8      | Reached XP level 10. HP: 17/97 MP: 15/15
  9783 | D:8      | Noticed a two-headed ogre
  9797 | D:8      | Killed a two-headed ogre
  9798 | D:8      | Reached skill level 10 in Axes
  9798 | D:8      | Reached skill level 8 in Invocations
 10122 | D:8      | Reached ***** piety under Lugonu
 10304 | D:8      | Killed a two-headed ogre
 10871 | D:8      | Noticed a two-headed ogre
 11131 | D:9      | Reached skill level 10 in Fighting
 11152 | D:9      | Reached skill level 9 in Invocations
 11561 | D:9      | Found a bloodstained altar of Trog.
 11575 | D:9      | Found a radiant altar of Vehumet.
 11587 | D:9      | Found a broken altar of Ashenzari.
 11595 | D:9      | Found a stormy altar of Qazlal.
 11834 | D:9      | Found Igreodgh's Magic Scroll Emporium.
 12172 | D:9      | HP: 10/100 [poisoned by a killer bee]
 12178 | D:9      | HP: 7/100 [poisoned by a killer bee]
 12184 | D:9      | HP: 4/100 [poisoned by a killer bee]
 12189 | D:9      | HP: 4/100 [poisoned by a killer bee]
 12196 | D:9      | HP: 3/100 [poisoned by a killer bee]
 12204 | D:9      | HP: 3/100 [poisoned by a killer bee]
 12703 | D:9      | Noticed Erolcha
 12713 | D:9      | Killed Erolcha
 12714 | D:9      | Reached skill level 11 in Axes
 12714 | D:9      | Reached XP level 11. HP: 36/108 MP: 18/18
 13247 | D:9      | Found a staircase to the Orcish Mines.
 13422 | D:10     | Entered Level 10 of the Dungeon
 13715 | D:10     | Found Hizuel's Antique Weapon Emporium.
 13780 | D:10     | Found a staircase to the Lair.
 14380 | D:10     | Noticed a two-headed ogre
 14394 | D:10     | Killed a two-headed ogre
 14395 | D:10     | Reached skill level 10 in Invocations
 15716 | D:11     | HP: 7/108 [drowned by a water elemental (5)]
 15717 | D:11     | HP: 1/108 [drowned by a water elemental (6)]
 15717 | D:11     | Slain by a water elemental

Vanquished Creatures
  Erolcha (D:9)
  3 two-headed ogres
  The ghost of Dracia the Destroyer, a novice DrCj of Sif Muna (D:6)
  A centaur skeleton (D:10)
  A kobold demonologist (D:8)
  A komodo dragon (D:10)
  Prince Ribbit (D:7)
  Grinder (D:4)
  Sigmund (D:5)
  A wyvern (D:8)
  Edmund (D:5)
  2 wargs (D:9)
  A water moccasin (D:5)
  4 orc warriors
  3 sky beasts
  5 black bears
  5 ogres
  7 centaurs
  3 phantoms
  8 bullfrogs
  3 scorpions
  10 killer bees (D:9)
  A howler monkey (D:8)
  8 wights
  2 electric eels (D:11)
  4 jellies
  A quasit (D:10)
  9 hounds
  A gnoll shaman (D:5)
  5 orc priests
  6 orc wizards
  2 iguanas (D:9)
  9 worker ants
  A killer bee zombie (D:7)
  A hound zombie (D:6)
  2 hound skeletons
  A worker ant zombie (D:8)
  13 adders
  11 gnolls (D:5)
  4 shadow imps
  6 white imps
  4 ufetubi
  2 oozes
  An adder zombie (D:9)
  2 worms
  A dart slug (D:2)
  3 leopard geckos
  38 orcs
  3 giant cockroaches
  6 goblins
  6 hobgoblins
  16 jackals
  6 quokkas
  A ball python skeleton (D:5)
  6 bats
  3 frilled lizards
  2 kobolds (D:1)
  A leopard gecko zombie (D:6)
  A quokka skeleton (D:4)
  6 rats
259 creatures vanquished.

Vanquished Creatures (others)
  4 plants
4 creatures vanquished.

Grand Total: 263 creatures vanquished
